 Dungeon Crawl Stone Soup version 0.29-a0-885-gb26ba3297d (webtiles) character file.

Game seed: 2090483738082410132

253 Brionac the Conjurer (level 5, -4/28 HPs)
             Began as a Deep Elf Conjurer on July 20, 2022.
             Slain by Terence
             ... wielding a +0 flail
              (10 damage)
             ... on level 3 of the Dungeon.
             The game lasted 00:16:28 (3382 turns).

Brionac the Conjurer (Deep Elf Conjurer)            Turns: 3382, Time: 00:16:28

Health: -4/28      AC:  2    Str:  4    XL:     5   Next: 90%
Magic:  2/14       EV: 13    Int: 25    God:
Gold:   146        SH:  0    Dex: 13    Spells: 13/14 levels left

rFire   . . .      SeeInvis .   f - +2 dagger (drain)
rCold   . . .      Faith    .   (no shield)
rNeg    . . .      Spirit   .   a - +0 robe
rPois   .          Reflect  .   (no helmet)
rElec   .          Harm     .   (no cloak)
rCorr   .          Rampage  .   (no gloves)
Will    .....                   (no boots)
Stlth   ++........              (no amulet)
HPRegen 0.09/turn               (no ring)
MPRegen 0.14/turn               (no ring)

@: very slightly contaminated
A: no striking features
a: no special abilities


You were on level 3 of the Dungeon.
You visited 1 branch of the dungeon, and saw 3 of its levels.

You collected 146 gold pieces.

Inventory:

Hand Weapons
 f - a +2 dagger of draining (weapon)
Armour
 a - a +0 robe (worn)
Jewellery
 d - a ring of fire
Wands
 h - a wand of flame (17)
Scrolls
 e - a scroll of fear
 i - 2 scrolls of teleportation
 k - a scroll of enchant weapon
 l - a scroll of poison
Potions
 b - a potion of magic
 c - a potion of attraction
 g - a potion of brilliance
 j - 3 potions of lignification {unknown}


   Skills:
 + Level 0.2 Fighting
 * Level 3.5 Dodging
 - Level 2.5 Stealth
 + Level 5.2 Spellcasting
 + Level 6.4 Conjurations


You had 13 spell levels left.
You knew the following spells:

 Your Spells              Type           Power      Damage    Failure   Level
a - Magic Dart            Conj           100%       1d8       1%          1

Your spell library contained the following spells:

 Spells                   Type           Power      Damage    Failure   Level
 Searing Ray              Conj           76%        2d7       1%          2
 Dazzling Flash           Conj/Hex       44%        N/A       6%          3
 Apportation              Tloc           12%        N/A       9%          1
 Necrotise                Necr           24%        1d5       9%          1
 Summon Small Mammal      Summ           24%        N/A       9%          1
 Fulminant Prism          Conj/Hex       11%        3d9       22%         4
 Iskenderun's Mystic Bla  Conj/Tloc      22%        2d6       22%         4


Dungeon Overview and Level Annotations

Branches:
Dungeon (3/15)

Altars:
Hepliaklqana

Annotations:
D:3 Terence


Message History

Terence is severely wounded.
Terence shouts, "DIE!!!"
Terence hits you with a +0 flail!
Casting: Magic Dart (safe; 1% risk of failure)
Confirm with . or Enter, or press ? or * to list all spells.
Aiming: Magic Dart (safe; 1% risk of failure)
Press: ? - help, Shift-Dir - straight line, f/p - Terence
Aim: Terence, wielding a +0 flail and wearing a +0 scale mail (severely wounded, 100% to hit)
The magic dart hits Terence.
Terence is almost dead.
Terence barely misses you.
Casting: Magic Dart (safe; 1% risk of failure)
Confirm with . or Enter, or press ? or * to list all spells.
Aiming: Magic Dart (safe; 1% risk of failure)
Press: ? - help, Shift-Dir - straight line, f/p - Terence
Aim: Terence, wielding a +0 flail and wearing a +0 scale mail (almost dead, 100% to hit)
The magic dart hits Terence but does no damage.
Terence is almost dead.
Terence hits you with a +0 flail!
* * * LOW HITPOINT WARNING * * *
Casting: Magic Dart (safe; 1% risk of failure)
Confirm with . or Enter, or press ? or * to list all spells.
Aiming: Magic Dart (safe; 1% risk of failure)
Press: ? - help, Shift-Dir - straight line, f/p - Terence
Aim: Terence, wielding a +0 flail and wearing a +0 scale mail (almost dead, 100% to hit)
The magic dart hits Terence but does no damage.
Terence is almost dead.
Terence closely misses you.
A frilled lizard comes into view.
Casting: Magic Dart (safe; 1% risk of failure)
Confirm with . or Enter, or press ? or * to list all spells.
Aiming: Magic Dart (safe; 1% risk of failure)
Press: ? - help, Shift-Dir - straight line, f/p - Terence
Aim: Terence, wielding a +0 flail and wearing a +0 scale mail (almost dead, 100% to hit)
The magic dart hits Terence but does no damage.
Terence is almost dead.
The frilled lizard hisses angrily.
A quokka comes into view.
A giant cockroach comes into view.
Terence hits you with a +0 flail!
You die...

## ##.### ##
..#.. . ##≈ #.#
##.#.#..l #..
#.#######......rB
#._ #.#.....†@.#
#.. #.#.######@#
##≈ #.#.# .# ##
#.#.# .# #.#.##
.# #....#### .#
##..........#
##.......#####
#.........###


You could see Terence, a quokka (wandering), a giant cockroach (wandering) and a
frilled lizard.

Vanquished Creatures
  A bullfrog (D:3)
  Jessica (D:3)
  Natasha (twice) (D:3)
  Robin (D:2)
  4 adders
  A worm (D:2)
  A dart slug (D:1)
  4 ball pythons
  6 bats
  3 endoplasms
  6 giant cockroaches
  8 goblins
  6 hobgoblins
  5 kobolds
  4 quokkas (D:1)
  2 frilled lizards
  9 rats
  A spectral hobgoblin (D:3)
65 creatures vanquished.

Notes
Turn   | Place    | Note
-------+----------+-------------------------------------------
     0 | D:1      | Brionac the Deep Elf Conjurer began the quest for the Orb.
     0 | D:1      | Reached XP level 1. HP: 10/10 MP: 6/6
   133 | D:1      | Reached XP level 2. HP: 15/15 MP: 5/8
   272 | D:1      | Reached skill level 5 in Conjurations
   725 | D:1      | Reached XP level 3. HP: 19/19 MP: 7/9
   962 | D:1      | Found a faded altar of an unknown god.
  1427 | D:2      | Reached XP level 4. HP: 24/24 MP: 8/11
  1920 | D:2      | Noticed Robin
  2406 | D:2      | Killed Robin
  2562 | D:3      | Noticed Natasha
  2566 | D:3      | Killed Natasha
  2567 | D:3      | Reached skill level 6 in Conjurations
  2716 | D:3      | Noticed Jessica
  2722 | D:3      | Killed Jessica
  2723 | D:3      | Reached XP level 5. HP: 21/28 MP: 7/13
  3076 | D:3      | Found a hazy altar of Hepliaklqana.
  3279 | D:3      | Reached skill level 5 in Spellcasting
  3343 | D:3      | Noticed Natasha
  3347 | D:3      | Killed Natasha
  3369 | D:3      | Noticed Terence
  3382 | D:3      | Slain by Terence

Illustrated notes

Levels and vault maps discovered:
D:1:      wheals_arrival_shading, layout_basic, ebering_ecumenical_altar_rust
D:2:      layout_basic, minmay_close_crescents, uniq_robin
D:3:      layout_loops_ring, nicolae_hepliaklqana_monster_ancestors,
          uniq_terence, uniq_jessica, uniq_natasha

Skill      XL: |  1  2  3  4  5 |
---------------+----------------+-----
Conjurations   | 5 6 |  6.4
Dodging        | 3 |  3.5
Spellcasting   | 4 5 |  5.2
Fighting       | |  0.2
Stealth        | |  2.5

Action                   |  1- 3 |  4- 6 || total
-------------------------+-------+-------++-------
Melee: Dagger            |       |     1 ||     1
 Cast: Magic Dart        |    66 |    75 ||   141
  Use: Scroll            |       |     6 ||     6
       Potion            |       |     4 ||     4
Armor: Robe              |     2 |     4 ||     6
Dodge: Dodged            |     4 |    19 ||    23

Table legend: (Time is in decaauts)
 A = Elapsed time spent in this place.
 B = Non-inter-level travel time spent in this place.
 C = Inter-level travel time spent in this place.
 D = Time resting spent in this place.
 E = Time spent auto-exploring this place.
 F = Levels seen in this place.
 G = Mean time per level.
                   A        B        C        D        E       F      G
               +--------+--------+--------+--------+--------+-----+--------+
         Total |   3370 |   3198 |    172 |    352 |   2501 |   3 | 1123.3 |
       Dungeon |   3370 |   3198 |    172 |    352 |   2501 |   3 | 1123.3 |
               +--------+--------+--------+--------+--------+-----+--------+

Top non-repeatable levels by time:
     D:2: 1353 daAuts
     D:1: 1162 daAuts
     D:3: 854 daAuts
